[Event "*** SCC Grand Prix: Titled Tuesday Blitz"]
[Site "Chess.com"]
[Date "2020.07.14"]
[Round "3"]
[White "Zurability"]
[Black "sergoy"]
[Result "0-1"]
[WhiteElo "2588"]
[BlackElo "2809"]
[TimeControl "180+1"]
[EndTime "10:28:39 PDT"]
[Termination "sergoy won on time"]

1. Nf3 Nf6 2. c4 g6 3. Nc3 Bg7 4. e4 d6 5. d4 O-O 6. Be2 c5 7.
d5 e6 8. O-O exd5 9. cxd5 a6 10. a4 Re8 11. Nd2 Nbd7 12. Re1 Qe7 13. Bf1 b6 14.
Nc4 Rb8 15. Bf4 Ne5 16. Bxe5 dxe5 17. Rb1 Bd7 18. b4 b5 19. axb5 axb5 20. Na5 c4 21. g3 Qd6 22. Bg2 Bf8 23. Qd2 Qb6 24. h3 Rec8 25. Kh2 Bd6 26. Rf1 Bxb4 27. Rxb4 Qxa5 28.
Rfb1 Ne8 29. f4 Qc7 30. Nxb5 Bxb5 31. Rxb5 Rxb5 32. Rxb5 c3 33. Qc1 c2 34. Rb3 Qc4 35. Re3 Qd4 36. Re1 Nd6 37. Kh1 Rc3 38. Kh2 Qd3 39. Kh1 Qxg3 40. fxe5 Qxe1+ 41. Qxe1 c1=Q 42. Qxc1 Rxc1+ 43. Kh2 Nc4 0-1

[Event "*** SCC Grand Prix: Titled Tuesday Blitz"]
[Site "Chess.com"]
[Date "2020.07.14"]
[Round "3"]
[White "turayev_shahruh17"]
[Black "GregShahade"]
[Result "0-1"]
[WhiteElo "2468"]
[BlackElo "2727"]
[TimeControl "180+1"]
[EndTime "10:28:39 PDT"]
[Termination "GregShahade won by checkmate"]

1. d4 Nf6 2. c4 g6 3. g3 Bg7 4.
Bg2 d5 5. Nc3 dxc4 6. Nf3 O-O 7.
O-O c6 8. a4 a5 9. Bg5 Na6 10. Ne5 Be6 11. e3 Nb4 12. Qe2 h6 13. Bxf6 exf6 14. Nxc4 f5 15. Rfd1 Re8 16. Ne5 Qb6 17.
h4 Bb3 18. Rdc1 Bxe5 19. dxe5 Rxe5 20. h5 Rd8 21. hxg6 fxg6 22. Qf3 Nd3 23. Rf1 Qb4 24. e4 Nc5 25. Qf4 Nd7 26. Qxh6 Qf8 27. Qxg6+ Qg7 28.
exf5 Qxg6 29. fxg6 Rde8 30. f4 Re3 31. f5 Rxg3 32. f6 Re5 33. g7 Reg5 34. Rf2 Nxf6 35. Ne2 R3g4 36. Kh2 Ne4 37. Bxe4 Rh4# 0-1

[Event "*** SCC Grand Prix: Titled Tuesday Blitz"]
[Site "Chess.com"]
[Date "2020.07.14"]
[Round "3"]
[White "ChelsieMonica"]
[Black "oskariot"]
[Result "1-0"]
[WhiteElo "2429"]
[BlackElo "2640"]
[TimeControl "180+1"]
[EndTime "10:28:39 PDT"]
[Termination "ChelsieMonica won by resignation"]

1. c4 Nf6 2. Nc3 c5 3. g3 g6 4. Nf3 Bg7 5. Bg2 O-O 6. O-O Nc6 7. d4 cxd4 8. Nxd4 d6 9. Nxc6 bxc6 10. Bxc6 Rb8 11. Bg2 Qa5 12. Nb5 Bb7 13. Bd2 Qa6 14. Bxb7 Qxb7 15. Bc3 Rfc8 16. Na3 d5 17. Be5 Ra8 18.
Rc1 dxc4 19. Nxc4 Qa6 20. Qb3 h5 21. Rfd1 h4 22. a3 h3 23. Qf3 Qb5 24. b3 a5 25. a4 Qa6 26. Bd4 Qe6 27. Nb6 Rab8 28. Nxc8 Rxc8 29. Rxc8+ Qxc8 30. e4 Qc2 31. Qd3 Qc6 32.
Bb2 Nxe4 33. Bxg7 Kxg7 34. f3 Nf6 35. Kf2 Qc5+ 36. Qe3 Qd6 37. Rxd6 1-0

[Event "*** SCC Grand Prix: Titled Tuesday Blitz"]
[Site "Chess.com"]
[Date "2020.07.14"]
[Round "3"]
[White "CroissantNeuf"]
[Black "Chernobay_Artem"]
[Result "0-1"]
[WhiteElo "2403"]
[BlackElo "2622"]
[TimeControl "180+1"]
[EndTime "10:28:40 PDT"]
[Termination "Chernobay_Artem won on time"]

1. e4 c5 2. Nf3 d6 3. Bb5+ Nd7 4. Ba4 Nf6 5. O-O Nxe4 6. Re1 Nf6 7. d4 a6 8. c4 cxd4 9. Nxd4 g6 10. Bf4 Qc7 11. Nc3 Bg7 12. Nf5 gxf5 13. Bxd6 Qxc4 14. Bxe7 Ne4 15. Nd5 b5 16. Bb3 Qd4 17. Qf3 Ne5 18.
Qf4 Be6 19. Rad1 Nd3 20. Rxd3 Qxd3 21. Rd1 Qxd1+ 22. Bxd1 Bxd5 23. Bb4 Rc8 24. h4 Bd4 25. Qxf5 Bxf2+ 26. Kh2 Bg3+ 27. Kg1 Rc1 0-1

[Event "*** SCC Grand Prix: Titled Tuesday Blitz"]
[Site "Chess.com"]
[Date "2020.07.14"]
[Round "3"]
[White "AsaHoffmann"]
[Black "cottage_cheese"]
[Result "1-0"]
[WhiteElo "2396"]
[BlackElo "2161"]
[TimeControl "180+1"]
[EndTime "10:28:40 PDT"]
[Termination "AsaHoffmann won on time"]

1. d4 d5 2. Bg5 h6 3. Bh4 c6 4. e3 Qb6 5. b3 e5 6. Nf3 e4 7.
Nfd2 Ne7 8. f3 Nf5 9. Bf2 exf3 10. Qxf3 Be7 11. Bd3 g6 12. h4 Be6 13. g4 Nd6 14.
Nc3 Nd7 15. a4 Qa5 16. Ne2 Ne4 17. Bxe4 dxe4 18. Qg3 Nf6 19. c3 Bxg4 20. Nc4 Qd8 21. Ne5 Bxe2 22. Kxe2 Nd7 23. Nxg6 fxg6 24. Qxg6+ Kf8 25.
Raf1 Bf6 26. Bg3 Rg8 27. Qxh6+ Rg7 28. Be5 Nxe5 29. Rxf6+ Kg8 30. Rhf1 Ng4 31. Rf8+ Qxf8 32. Rxf8+ Rxf8 33. Qe6+ Rff7 34. Qxe4 Nf2 35. Qe8+ Kh7 36. h5 Re7 37. Qc8 Ng4 38. Qf5+ Kg8 39. e4 Ref7 40. Qe6 Kh7 41. e5 1-0

[Event "*** SCC Grand Prix: Titled Tuesday Blitz"]
[Site "Chess.com"]
[Date "2020.07.14"]
[Round "3"]
[White "TheWolfSpur"]
[Black "artichaud"]
[Result "1-0"]
[WhiteElo "2300"]
[BlackElo "2048"]
[TimeControl "180+1"]
[EndTime "10:28:40 PDT"]
[Termination "TheWolfSpur won on time"]

1. d4 d6 2. e4 Nf6 3. Nc3 c6 4. f4 Bg4 5. Qd2 d5 6. e5 Ne4 7. Nxe4 dxe4 8. h3 Be6 9. Qe3 Nd7 10. Qxe4 Bd5 11. Qe3 c5 12. Nf3 e6 13. c4 Bxf3 14. Qxf3 cxd4 15. Bd3 Nc5 16. O-O Nxd3 17. Qxd3 Bc5 18. b3 O-O 19. Bb2 Qb6 20. Rfd1 Rad8 21. Kh1 f6 22. exf6 Rxf6 23. Qe4 a5 24. Rd3 Qd6 25.
g3 b6 26. Rad1 Rh6 27. h4 Rg6 28. Kh2 Rf6 29. Bxd4 Qc7 30. Bxf6 Rxd3 31. Rxd3 gxf6 32. Qxe6+ Kg7 33. Rd7+ 1-0

[Event "*** SCC Grand Prix: Titled Tuesday Blitz"]
[Site "Chess.com"]
[Date "2020.07.14"]
[Round "3"]
[White "TioCridineno"]
[Black "sergeikim"]
[Result "1-0"]
[WhiteElo "2155"]
[BlackElo "2370"]
[TimeControl "180+1"]
[EndTime "10:28:41 PDT"]
[Termination "TioCridineno won by resignation"]

1. e4 e5 2. Nf3 Nc6 3. Bb5 a6 4. Ba4 Nf6 5. Bxc6 dxc6 6. d3 Nd7 7. Nbd2 g6 8. Nc4 Bg7 9. b3 O-O 10. Bb2 Re8 11. O-O a5 12. a4 b6 13. h3 Ba6 14.
Ne3 Nc5 15. Qd2 Qe7 16. Rad1 Rad8 17. Qc1 h5 18. Qa1 f6 19. Nh4 Kh7 20. g3 Ne6 21.
Kg2 Bh6 22. Bc1 Nd4 23. Qb2 Ne2 24. Bd2 Nd4 25. Nf3 Bb7 26. Nh4 c5 27. f3 Rf8 28.
Qc1 Ne2 29. Qb2 f5 30. exf5 gxf5 31. Nhxf5 Qg5 32. g4 Nf4+ 33. Kh2 hxg4 34. fxg4 Rde8 35. Rf2 Rg8 36. Qc1 Bf8 37. Rg1 Bd6 38. Nxd6 cxd6 39.
Nf5 Ref8 40. Bxf4 exf4 41. Qxf4 Qxf4+ 42. Rxf4 Rg6 43. Re1 Rf7 44. Re7 Rxe7 45. Nxe7 Re6 46. Rf7+ Kh8 47. Ng6+ Rxg6 48. Rxb7 Re6 49. Rxb6 Re2+ 50.
Kg3 Rxc2 51. Rxd6 Rc3 52. Rd5 Rxb3 53. Rxc5 Rxd3+ 54. Kh4 1-0

[Event "*** SCC Grand Prix: Titled Tuesday Blitz"]
[Site "Chess.com"]
[Date "2020.07.14"]
[Round "3"]
[White "Jbd735"]
[Black "chito89"]
[Result "0-1"]
[WhiteElo "2437"]
[BlackElo "2802"]
[TimeControl "180+1"]
[EndTime "10:28:42 PDT"]
[Termination "chito89 won by checkmate"]

1. e4 Nc6 2. d4 e5 3. d5 Nce7 4. Nf3 Ng6 5. h4 h5 6. Bg5 Be7 7. Qd2 d6 8. Be2 Bg4 9. g3 Nf6 10. Nc3 a6 11. O-O-O b5 12. Qe3 Nd7 13. Nh2 Bxe2 14. Nxe2 f6 15. f4 fxg5 16. hxg5 Nb6 17. Nf3 Qd7 18. f5 Nf8 19. g4 h4 20. b3 h3 21. Ng3 c5 22. Nh5 Bd8 23. Rxh3 Rc8 24. Nf6+ gxf6 25. Rxh8 fxg5 26. Nxg5 Qg7 27. Rxf8+ Qxf8 28. Ne6 Qh8 29. Qf3 Qh6+ 30. Kb1 c4 31. Rh1 Qd2 32.
Rh8+ Kd7 33. Qh3 Qe1+ 34. Kb2 c3+ 35. Ka3 Nc4+ 36. Kb4 Ba5# 0-1

[Event "*** SCC Grand Prix: Titled Tuesday Blitz"]
[Site "Chess.com"]
[Date "2020.07.14"]
[Round "3"]
[White "13MiRacLe"]
[Black "marianokar"]
[Result "1-0"]
[WhiteElo "2630"]
[BlackElo "2404"]
[TimeControl "180+1"]
[EndTime "10:28:42 PDT"]
[Termination "13MiRacLe won on time"]

1. e4 e5 2. Nf3 Nc6 3. Bb5 Nf6 4. O-O Nxe4 5. Re1 Nd6 6. a4 Be7 7. Nc3 O-O 8. d4 Nxb5 9. axb5 Nxd4 10. Nxd4 exd4 11.
Qxd4 Bf6 12. Qe3 d5 13. Qc5 b6 14. Qxd5 Bxc3 15. Qxd8 Rxd8 16. bxc3 Bf5 17. Bf4 Rd7 18.
Rxa7 Rad8 19. Rxc7 Rd1 20. Kf1 Bxc2 21. Rxd1 Rxd1+ 22. Ke2 h6 23. Be3 Rd5 24. c4 Bd3+ 25. Ke1 Re5 26.
Kd2 Bf1 27. Bxb6 Bxg2 28. Be3 1-0

[Event "*** SCC Grand Prix: Titled Tuesday Blitz"]
[Site "Chess.com"]
[Date "2020.07.14"]
[Round "3"]
[White "Bodnar_Mykola"]
[Black "KaspMagAlpha"]
[Result "1-0"]
[WhiteElo "2486"]
[BlackElo "2250"]
[TimeControl "180+1"]
[EndTime "10:28:42 PDT"]
[Termination "Bodnar_Mykola won by checkmate"]

1. e4 c5 2. Nf3 e6 3. d4 cxd4 4. Nxd4 a6 5. c4 Nf6 6. Nc3 Bb4 7. Qd3 Nc6 8. Nxc6 dxc6 9. Qxd8+ Kxd8 10. e5 Bxc3+ 11.
bxc3 Nd7 12. Bf4 Kc7 13. h4 b6 14. h5 Bb7 15. h6 g6 16. O-O-O Nc5 17. Bg5 Rhe8 18.
f3 Nd7 19. f4 f6 20. exf6 Rf8 21. Rh3 c5 22. Rhd3 Bc6 23. Be2 Nxf6 24. Bf3 Rae8 25.
Bxc6 Kxc6 26. Rd6+ Kc7 27. Bxf6 Rxf6 28. Rd7+ Kc8 29.
Rxh7 Rxf4 30. Ra7 Kb8 31. Rdd7 Rh4 32. h7 e5 33. Rdb7+ Kc8 34. Rg7 Kb8 35. Rae7 Rxe7 36.
Rxe7 Rxh7 37. Rxh7 a5 38. Rg7 e4 39. Rxg6 a4 40. Re6 a3 41. Rxe4 Kb7 42. g4 Kc6 43. g5 Kd6 44. g6 b5 45. cxb5 Kd5 46. Re1 Kc4 47. g7 Kxc3 48. g8=Q c4 49. b6 Kb4 50. b7 Ka4 51. b8=Q c3 52. Qgb3+ Ka5 53.
Qxa3# 1-0

[Event "*** SCC Grand Prix: Titled Tuesday Blitz"]
[Site "Chess.com"]
[Date "2020.07.14"]
[Round "3"]
[White "AccioChess"]
[Black "Misticpikachu"]
[Result "1-0"]
[WhiteElo "2479"]
[BlackElo "2228"]
[TimeControl "180+1"]
[EndTime "10:28:43 PDT"]
[Termination "AccioChess won by checkmate"]

1. Nf3 d5 2. g3 e6 3. Bg2 Nf6 4. O-O Be7 5. d3 O-O 6. Nbd2 c5 7. e4 Nc6 8. Qe2 b5 9. Re1 Bb7 10. e5 Nd7 11. Nf1 Qc7 12. h4 Rfc8 13. h5 h6 14. N1h2 Qd8 15. Ng4 Bf8 16. Bf4 a5 17. c3 Rab8 18. Qd2 d4 19. cxd4 Nxd4 20. Nxd4 cxd4 21. a3 Bxg2 22. Kxg2 b4 23. a4 b3 24. Rec1 Bb4 25. Qe2 Rxc1 26. Rxc1 Nc5 27. Qf3 Qd5 28. Qxd5 exd5 29.
e6 Nxd3 30. exf7+ Kxf7 31. Ne5+ Nxe5 32. Bxe5 Re8 33. Bxd4 Re7 34. Kf3 g6 35. hxg6+ Kxg6 36. Rc6+ Kh7 37. Be3 Rf7+ 38. Ke2 Re7 39. Kd3 Kg7 40.
Bxh6+ Kf7 41. Be3 Ke8 42. Bc5 Rf7 43. Bd4 Rf3+ 44. Be3 Rf7 45. Ra6 Kd7 46. Ra7+ Ke6 47. Rxf7 Kxf7 48. Bd2 Ke6 49. Bxb4 axb4 50. a5 Kd6 51. g4 Kc6 52. g5 Kb5 53. g6 Kxa5 54.
g7 Kb5 55. g8=Q Ka5 56. Qb8 Ka4 57. Qb6 d4 58. Qa6# 1-0

[Event "*** SCC Grand Prix: Titled Tuesday Blitz"]
[Site "Chess.com"]
[Date "2020.07.14"]
[Round "3"]
[White "Arjun2002"]
[Black "OparinGrigoriy"]
[Result "1/2-1/2"]
[WhiteElo "2660"]
[BlackElo "2921"]
[TimeControl "180+1"]
[EndTime "10:28:45 PDT"]
[Termination "Game drawn by agreement"]

1. e4 e5 2. Nf3 Nc6 3. Bc4 Nf6 4. d3 h6 5. c3 g5 6. Nbd2 g4 7. Nh4 d5 8. exd5 Nxd5 9. g3 Nb6 10.
Bb3 Qxd3 11. Bc2 Qd8 12. Qe2 Be6 13. Nf5 Qd7 14. Ne4 Nd5 15. Ne3 Be7 16. O-O O-O-O 17. Rd1 f5 18. Nxd5 Bxd5 19. Nd2 Qe6 20. b4 h5 21. Bb2 Bf6 22. c4 Nd4 23. Bxd4 exd4 24.
Qd3 Be4 25. Nxe4 fxe4 26. Qxe4 Qxe4 27. Bxe4 d3 28. Rac1 d2 29. Rc2 Bg5 30. Kf1 Rhe8 31. Bg6 Kb8 32. Bxe8 Rxe8 33. Rcxd2 Bxd2 34. Rxd2 c6 35.
Re2 Rd8 36. Re5 Rd4 37. Rxh5 Rxc4 38. a3 b5 1/2-1/2

[Event "*** SCC Grand Prix: Titled Tuesday Blitz"]
[Site "Chess.com"]
[Date "2020.07.14"]
[Round "3"]
[White "Kosche007"]
[Black "Ariadna_Atreides"]
[Result "0-1"]
[WhiteElo "2284"]
[BlackElo "2091"]
[TimeControl "180+1"]
[EndTime "10:28:45 PDT"]
[Termination "Ariadna_Atreides won on time"]

1. e4 c5 2. Nf3 d6 3. d4 cxd4 4. Nxd4 Nf6 5. Nc3 Nc6 6. Bg5 e6 7.
Qd2 a6 8. O-O-O Bd7 9. f3 Be7 10.
h4 Qc7 11. g4 O-O-O 12. Kb1 Ne5 13. h5 h6 14. Be3 Nc4 15. Bxc4 Qxc4 16. Nb3 Qc7 17.
Qf2 Rde8 18. Bb6 Qb8 19. Rd4 Bc6 20. Na5 Nd7 21. Nxc6 bxc6 22. Rb4 d5 23. Rb3 Qa8 24. Na4 Bd6 25. Nc5 Nxc5 26. Bxc5 Bxc5 27. Qxc5 Kd7 28.
Rb6 Rb8 29. Rd1 Rxb6 30. Qxb6 Rb8 31. Qd4 Qb7 32. b3 f6 33. c4 e5 0-1

[Event "*** SCC Grand Prix: Titled Tuesday Blitz"]
[Site "Chess.com"]
[Date "2020.07.14"]
[Round "3"]
[White "Kostya26"]
[Black "louis198"]
[Result "1/2-1/2"]
[WhiteElo "2389"]
[BlackElo "2566"]
[TimeControl "180+1"]
[EndTime "10:28:46 PDT"]
[Termination "Game drawn by repetition"]

1. d4 e6 2. Nf3 d5 3. Bf4 Bd6 4. e3 Ne7 5. Nbd2 O-O 6. Bd3 c5 7. c3 h6 8. Qe2 Nbc6 9. dxc5 Bxc5 10. e4 Ng6 11. Bg3 dxe4 12. Nxe4 Be7 13. O-O-O Qa5 14.
Kb1 e5 15. Bc4 Bf5 16. h4 Kh8 17. h5 Nf4 18. Bxf4 exf4 19. Rhe1 Rae8 20. Bd3 Bh7 21. Qd2 Qxh5 22. Qxf4 f5 23. Ng3 Qg4 24. Qc7 f4 25. Ne4 Qxg2 26. Nd4 Nxd4 27. cxd4 Bb4 28. Rg1 Bxe4 29.
Rxg2 Bxg2 30. Rg1 Rc8 31. Qd7 Rfe8 32. Bc2 f3 33. Qf5 Kg8 34. Bb3+ Kh8 35. Bc2 Kg8 36. Qh7+ Kf8 37. Qf5+ Kg8 1/2-1/2

[Event "*** SCC Grand Prix: Titled Tuesday Blitz"]
[Site "Chess.com"]
[Date "2020.07.14"]
[Round "3"]
[White "Doraemon7"]
[Black "ditkin25"]
[Result "1-0"]
[WhiteElo "2636"]
[BlackElo "2407"]
[TimeControl "180+1"]
[EndTime "10:28:47 PDT"]
[Termination "Doraemon7 won by resignation"]

1. Nf3 Nf6 2. c4 g6 3. b3 Bg7 4. Bb2 d6 5. d4 O-O 6. g3 e5 7. Bg2 Nc6 8. O-O a5 9. Nc3 exd4 10. Nxd4 Nxd4 11. Qxd4 Ng4 12. Qd2 Re8 13. Nd5 c6 14.
Bxg7 Kxg7 15. Nc3 f5 16. Rfd1 Qf6 17. Rac1 Rd8 18. Qd4 Be6 19. Rd2 Ne5 20. Rcd1 Nf7 21. e4 fxe4 22. Nxe4 Qxd4 23. Rxd4 d5 24. Nc5 Bg4 25.
f3 b6 26. Na4 b5 27. cxb5 cxb5 28. Nc3 b4 29. Nxd5 Be6 30. Nc7 Re8 31. Nxe8+ Rxe8 32. Re1 Kf6 33. Rde4 Ng5 34. R4e3 Rd8 35. f4 Nh3+ 36. Kf1 Bg4 37. Bxh3 Bxh3+ 38. Kf2 Bg4 39. h3 Rd2+ 40. Kg1 Bxh3 41. R1e2 Rd1+ 42. Kh2 Bg4 43. Rc2 h5 44. Rc6+ Kg7 45. Rc7+ Kh6 46. Ree7 Rd2+ 47. Kg1 Rd1+ 48. Kf2 Rd2+ 49. Ke1 Rd1+ 50.
Kf2 Rd2+ 51. Ke3 Re2+ 52. Kd3 Rxe7 53. Rxe7 Bf5+ 54. Kc4 Bb1 55. Ra7 Bxa2 56. Rxa5 Bb1 57. Kxb4 1-0

[Event "*** SCC Grand Prix: Titled Tuesday Blitz"]
[Site "Chess.com"]
[Date "2020.07.14"]
[Round "3"]
[White "Borsuk_Konstantin"]
[Black "Tactictic"]
[Result "1-0"]
[WhiteElo "2565"]
[BlackElo "2376"]
[TimeControl "180+1"]
[EndTime "10:28:47 PDT"]
[Termination "Borsuk_Konstantin won by resignation"]

1. d4 Nf6 2. c4 e6 3. Nc3 d5 4. cxd5 exd5 5. Bg5 c6 6. e3 Be7 7. Bd3 Nbd7 8. Qc2 Nh5 9. Bxe7 Qxe7 10. Nge2 Nb6 11. O-O Bd7 12. Rae1 Nf6 13. Ng3 O-O 14. e4 dxe4 15. Ncxe4 Nxe4 16. Bxe4 Qh4 17. a4 Be6 18. a5 Nd5 19. Bxd5 Bxd5 20. Nf5 Qg5 21. Ne7+ Kh8 22. f4 Qf6 23. Nxd5 cxd5 24. Re5 Rfd8 25. Qb3 Qc6 26. Re7 Rd7 27. Qb4 h5 28. Re5 g6 29.
f5 Kg7 30. Qd2 Rc8 31. fxg6 fxg6 32. Qf4 Qd6 33. h4 Rf8 34. Qxf8+ Qxf8 35. Rxf8 Kxf8 36. b4 Kf7 37. Kf2 Rd6 38. b5 b6 39. a6 Rf6+ 40. Ke3 Rd6 41. Kf4 Rf6+ 42. Kg5 Rf2 43. Rxd5 Rf3 44. gxf3 1-0

[Event "*** SCC Grand Prix: Titled Tuesday Blitz"]
[Site "Chess.com"]
[Date "2020.07.14"]
[Round "3"]
[White "bmt011"]
[Black "realmadridtv"]
[Result "0-1"]
[WhiteElo "2118"]
[BlackElo "2457"]
[TimeControl "180+1"]
[EndTime "10:28:47 PDT"]
[Termination "realmadridtv won by resignation"]

1. d4 Nf6 2. Bf4 c6 3. e3 d6 4.
h3 g6 5. Nf3 Bg7 6. Be2 O-O 7.
c4 Nbd7 8. Nc3 Qe8 9. Bh2 e5 10. O-O e4 11. Nd2 Qe7 12. c5 dxc5 13. Qc2 cxd4 14.
Ncxe4 dxe3 15. Bd6 exf2+ 16. Rxf2 Qe6 17. Bc4 Nd5 18.
Bxf8 Nxf8 19. Ng5 Qe3 20. Nxf7 Bd4 21. Ne4 Bf5 22. Nfd6 Qxf2+ 23. Qxf2 Bxf2+ 24. Nxf2 Rb8 25. Nxf5 gxf5 26. Nd3 Nd7 27. Rf1 Rf8 28. Nf4 Nb6 29. Bxd5+ Nxd5 30. Nxd5 cxd5 31. Rd1 Rd8 32. Rf1 Kf7 33.
Rxf5+ Ke6 34. Rf3 d4 35. Rd3 Ke5 36. Kf2 Ke4 37. Ke2 Rc8 38. Kd2 Rg8 39. g3 Rf8 40. Ke2 Rf2+ 41. Kxf2 Kxd3 0-1

[Event "*** SCC Grand Prix: Titled Tuesday Blitz"]
[Site "Chess.com"]
[Date "2020.07.14"]
[Round "3"]
[White "teacher4chess"]
[Black "djano"]
[Result "0-1"]
[WhiteElo "2022"]
[BlackElo "2452"]
[TimeControl "180+1"]
[EndTime "10:28:47 PDT"]
[Termination "djano won on time"]

1. d4 g6 2. Nf3 Bg7 3. c3 Nf6 4.
Bg5 O-O 5. Nbd2 b6 6. e4 Bb7 7. Bd3 c5 8. O-O d6 9. Re1 h6 10. Bh4 g5 11. Bg3 Nh5 12. Qc2 Nd7 13. Rad1 e5 14. d5 a6 15. c4 Qf6 16. Nf1 Nf4 17.
Ne3 Rfe8 18. Nf5 Nf8 19. h3 Bc8 20. Nh2 h5 21. h4 Bxf5 22. hxg5 Qxg5 23. exf5 Nd7 24.
Nf3 Qh6 25. Bxf4 Qxf4 26. Qd2 Bh6 27. Qxf4 Bxf4 28. g3 Bh6 29. Re4 Nf6 30. Rh4 e4 31.
Bxe4 Rxe4 32. Rxe4 Nxe4 33. Re1 Re8 34. Nd2 Bxd2 35.
Re2 Bh6 36. Kg2 Kf8 37. f3 Nf6 38. Rc2 Re3 39. a3 Rb3 40. Re2 b5 41. cxb5 axb5 42.
Rd2 Bxd2 0-1

[Event "*** SCC Grand Prix: Titled Tuesday Blitz"]
[Site "Chess.com"]
[Date "2020.07.14"]
[Round "3"]
[White "tk22h"]
[Black "f3andwins"]
[Result "1/2-1/2"]
[WhiteElo "2296"]
[BlackElo "2440"]
[TimeControl "180+1"]
[EndTime "10:28:47 PDT"]
[Termination "Game drawn by repetition"]

1. c4 e5 2. Nc3 Bb4 3. Nf3 Nc6 4. Nd5 Bc5 5. e3 e4 6. Ng1 Nf6 7. Ne2 O-O 8. Nec3 Re8 9. d4 exd3 10. Bxd3 d6 11. O-O Ne5 12. Be2 Bf5 13. b3 Ne4 14. Nxe4 Bxe4 15. Bb2 Qg5 16. g3 Rac8 17. Bd4 Qf5 18.
f3 Bxd5 19. cxd5 Ng6 20. e4 Qe5 21. Bxc5 dxc5 22. Rc1 b6 23. Kg2 c6 24. dxc6 Red8 25. Qc2 Rxc6 26. Rcd1 Rcd6 27. Rxd6 Rxd6 28. Rd1 Rd4 29.
Rxd4 Qxd4 30. Qd3 Qb2 31. a4 h6 32. f4 Nf8 33. f5 Nd7 34. Qxd7 Qxe2+ 35. Kg1 Qe1+ 36.
Kg2 Qxe4+ 37. Kh3 Qb4 38. Qe8+ Kh7 39. Qxf7 Qe1 40. Kg2 Qe2+ 41. Kg1 Qe3+ 42. Kg2 Qe4+ 43. Kg1 Qe1+ 44. Kg2 Qd2+ 45. Kg1 Qd1+ 46. Kg2 Qe2+ 47. Kg1 Qe5 48. Qxa7 Qxf5 49. Qxb6 Qb1+ 50. Kg2 Qc2+ 51. Kg1 Qd1+ 52. Kg2 Qe2+ 53. Kg1 Qe1+ 54. Kg2 Qe2+ 55. Kg1 Qe1+ 56. Kg2 Qe2+ 1/2-1/2

[Event "*** SCC Grand Prix: Titled Tuesday Blitz"]
[Site "Chess.com"]
[Date "2020.07.14"]
[Round "3"]
[White "JSMastropiero"]
[Black "Ashedu66"]
[Result "1-0"]
[WhiteElo "2414"]
[BlackElo "2178"]
[TimeControl "180+1"]
[EndTime "10:28:48 PDT"]
[Termination "JSMastropiero won on time"]

1. d4 d5 2. c4 c6 3. cxd5 cxd5 4. Bf4 Nc6 5. e3 Nf6 6. Nc3 a6 7. Bd3 Bg4 8. Nge2 e6 9. O-O Bd6 10. f3 Bh5 11. Qd2 Bg6 12. Rac1 O-O 13. Bxd6 Qxd6 14. Nf4 Rad8 15. Rfd1 Rfe8 16. Nxg6 hxg6 17. f4 b5 18. a4 b4 19. Na2 Rb8 20. Bxa6 Nxd4 21. exd4 Qxa6 22.
Nxb4 Qxa4 23. Nc6 Ra8 24. Qc2 Qxc2 25. Rxc2 Ne4 26. b4 Nd6 27. Rc5 Nc4 28. b5 Ra2 29. Rb1 Ne3 30. b6 Rxg2+ 31. Kh1 Ra8 32. Rc3 Raa2 33. Rxe3 Rxh2+ 34. Kg1 Rhg2+ 35. Kf1 Rgf2+ 36. Ke1 Rh2 37. Kd1 1-0

[Event "*** SCC Grand Prix: Titled Tuesday Blitz"]
[Site "Chess.com"]
[Date "2020.07.14"]
[Round "3"]
[White "abykhovsky"]
[Black "Grischuk"]
[Result "1/2-1/2"]
[WhiteElo "2703"]
[BlackElo "3048"]
[TimeControl "180+1"]
[EndTime "10:28:49 PDT"]
[Termination "Game drawn by repetition"]

1. d4 Nf6 2. c4 e6 3. Nf3 d5 4. Nc3 Nbd7 5. Bg5 h6 6. Bh4 c6 7. e3 g5 8. Bg3 Nh5 9. Qc2 Nxg3 10. hxg3 Bg7 11. O-O-O Qe7 12. e4 g4 13. Nh4 dxe4 14.
Nxe4 Nf6 15. c5 Nxe4 16. Qxe4 Qg5+ 17. Kb1 Bd7 18. Be2 f5 19. Qc2 O-O-O 20. Bc4 Kb8 21. Rhe1 Rhe8 22. Qb3 Qf6 23. f4 Bc8 24. Re5 Qf8 25.
Bxe6 Bxe5 26. Bxc8 Kxc8 27. fxe5 Kb8 28. Ng6 Qg7 29.
Nf4 Rd7 30. Kc2 Qe7 31. Qe3 Ka8 32. Rd3 Red8 33. b3 a6 34. Rd2 Qg5 35. Rd3 Qe7 36. Rd2 Qg5 37. Rd3 Qe7 1/2-1/2

[Event "*** SCC Grand Prix: Titled Tuesday Blitz"]
[Site "Chess.com"]
[Date "2020.07.14"]
[Round "3"]
[White "Sergey85Rodchenkov"]
[Black "GMHess"]
[Result "0-1"]
[WhiteElo "2519"]
[BlackElo "2749"]
[TimeControl "180+1"]
[EndTime "10:28:49 PDT"]
[Termination "GMHess won by resignation"]

1. e4 d6 2. d4 Nf6 3. Nc3 c6 4. Nf3 Bg4 5. Be2 Qc7 6. a4 e5 7. O-O Nbd7 8. Re1 Be7 9. a5 O-O 10. b3 Rfe8 11. Bb2 Bf8 12. Qd2 Rad8 13. a6 b5 14. d5 b4 15. Na4 Nxe4 16. Qxb4 cxd5 17. c4 Rb8 18. Qa3 dxc4 19. Rac1 d5 20. Qa1 Rxb3 21. Bxc4 dxc4 22. Rxe4 Bxf3 23. gxf3 Nb6 24. Nxb6 Qxb6 25. Bxe5 Rxf3 26. Re2 Qg6+ 27. Kf1 Ra3 28. Qd4 Qxa6 29. Qxc4 Qxc4 30. Rxc4 Rb3 31. Ree4 f6 32. Bg3 Rxe4 33. Rxe4 a5 34. Re8 Kf7 35. Ra8 Bb4 36. Ke2 h5 37. h4 g5 38. Rh8 Kg6 39. Rg8+ Kf5 40. Rh8 Kg4 41. hxg5 fxg5 42. Be5 Bc3 43. Bd6 Bxh8 0-1

[Event "*** SCC Grand Prix: Titled Tuesday Blitz"]
[Site "Chess.com"]
[Date "2020.07.14"]
[Round "3"]
[White "Duong57"]
[Black "jannat65"]
[Result "1-0"]
[WhiteElo "2239"]
[BlackElo "1801"]
[TimeControl "180+1"]
[EndTime "10:28:49 PDT"]
[Termination "Duong57 won by resignation"]

1. d4 d5 2. c4 c6 3. Nf3 Nf6 4. Nc3 e6 5. Bg5 Nbd7 6. e3 Qa5 7. Nd2 Be7 8. Qc2 O-O 9. Be2 dxc4 10. Bxf6 Nxf6 11.
Nxc4 Qg5 12. O-O c5 13. Bf3 cxd4 14. exd4 Rb8 15. Ne5 Bd7 16. Ne4 Nxe4 17. Bxe4 Rfd8 18. Bxh7+ Kf8 19. Bd3 Rbc8 20. Qb3 Bc6 21. Nxc6 bxc6 22. Ba6 Rb8 23. Qc3 Qf4 24. Rad1 Bf6 25. Qc5+ Kg8 26. g3 Qe4 27. Bd3 Qd5 28. Qc2 Qxd4 29. b3 Qe5 30.
Qxc6 Rbc8 31. Qg2 Rc3 32. Be4 Rxd1 33. Rxd1 Qc7 34. Qh3 g6 35. Qg4 Bg7 36. Qg5 Rc1 37. Rxc1 Qd7 38. Qe3 1-0

[Event "*** SCC Grand Prix: Titled Tuesday Blitz"]
[Site "Chess.com"]
[Date "2020.07.14"]
[Round "3"]
[White "PavelShkapenko"]
[Black "Msb2"]
[Result "0-1"]
[WhiteElo "2594"]
[BlackElo "2885"]
[TimeControl "180+1"]
[EndTime "10:28:50 PDT"]
[Termination "Msb2 won by resignation"]

1. e4 e6 2. d4 d5 3. exd5 exd5 4. Nf3 Nc6 5. h3 Bd6 6. c4 Nf6 7. Nc3 O-O 8. cxd5 Re8+ 9. Be2 Nb4 10. O-O Nbxd5 11. Bg5 Be7 12. Bc4 Be6 13. Bb3 c6 14. Re1 h6 15. Bh4 Qa5 16. Ne5 Nxc3 17. bxc3 Qxc3 18. Bxe6 fxe6 19. Re3 Qa5 20. Rb1 Nd5 21. Re4 Nc3 22. Qe1 Bb4 23. Nc4 Qd5 24. Rxb4 Qxe4 25.
Qxc3 Qxh4 26. Rxb7 Rab8 27. Nd6 Rxb7 28. Nxb7 Rf8 29.
Qe3 Qf4 30. Qxe6+ Kh8 31. Qe3 Qxe3 32. fxe3 Rb8 33. Na5 Rb6 34. Nc4 Ra6 35. Ne5 Kg8 36. a4 Kf8 37. a5 Rxa5 38. Nxc6 Ra1+ 39. Kf2 a5 40. d5 a4 41. Ke2 a3 42. d6 Ke8 43.
Nb4 a2 0-1

[Event "*** SCC Grand Prix: Titled Tuesday Blitz"]
[Site "Chess.com"]
[Date "2020.07.14"]
[Round "3"]
[White "Jumbo"]
[Black "Djager97"]
[Result "1-0"]
[WhiteElo "2857"]
[BlackElo "2442"]
[TimeControl "180+1"]
[EndTime "10:28:50 PDT"]
[Termination "Jumbo won on time"]

1. d4 Nf6 2. Bf4 d5 3. e3 c5 4.
Nd2 Nc6 5. c3 Bf5 6. Ngf3 e6 7.
Qb3 Qc8 8. Be2 Be7 9. Nh4 Bg6 10. Nxg6 hxg6 11. h3 Qd7 12. O-O O-O 13. Rad1 Bd6 14.
dxc5 Bxf4 15. exf4 Qc7 16. g3 Rac8 17. Qa3 Ne7 18.
b4 b6 19. cxb6 axb6 20. c4 Ra8 21. Qb3 Qa7 22. Ra1 Qa3 23. Rfb1 Ra7 24. cxd5 Nexd5 25. Nc4 Qxb3 26. Rxb3 Rfa8 27. a3 Rc7 28. Ne5 Rac8 29. Bf3 Rc2 30. h4 Nc3 31. Re1 Ra2 32. Kg2 Nb5 33.
Ree3 Nd4 34. Rbd3 Nxf3 35. Rxf3 Nd5 36. g4 Rcc2 37. f5 exf5 38. gxf5 Nf6 39. Rd8+ Kh7 40.
Nxf7 gxf5 41. Rh8+ 1-0